 Dungeon Crawl Stone Soup version 0.20-a0-268-gb6bde61 (webtiles) character file.

13716 shinino the Severer (level 11, -4/91 HPs)
             Began as a Minotaur Berserker on Dec 7, 2016.
             Was a Priest of Trog.
             Slain by an 11-headed hydra (9 damage)
             ... on level 1 of the Lair of Beasts.
             The game lasted 00:28:31 (10225 turns).

shinino the Severer (Minotaur Berserker)           Turns: 10225, Time: 00:28:32

Health: -4/91      AC: 17    Str: 26    XL:     11   Next: 79%
Magic:  10/10      EV: 14    Int:  4    God:    Trog [***...]
Gold:   710        SH:  0    Dex: 14    Spells: 10/10 levels left

rFire  . . .     SeeInvis .     I - +2 battleaxe
rCold  . . .     Gourm    .     d - +0 plate armour
rNeg   . . .     Faith    .     (shield currently unavailable)
rPois  +         Spirit   .     (helmet unavailable)
rElec  .         Reflect  .     z - +1 cloak
rCorr  .         Harm     .     (no gloves)
MR     +++..                    (no boots)
Stlth  ..........               (no amulet)
                                o - ring of poison resistance
                                C - +3 ring of evasion

@: mighty, about to teleport, very slightly contaminated, regenerating,
invisible
A: retaliatory headbutt, claws 1, hooves 2, horns 3, blink, frail 1, magic
resistance 1, evolution 2
a: Blink, Berserk, Trog's Hand, Burn Spellbooks, Renounce Religion


You were on level 1 of the Lair of Beasts.
You worshipped Trog.
Trog was most pleased with you.
You were hungry.

You visited 2 branches of the dungeon, and saw 12 of its levels.

You collected 710 gold pieces.

Inventory:

Hand Weapons
 I - a +2 battleaxe (weapon)
Armour
 d - a +0 plate armour (worn)
 u - a +0 pair of boots
 z - a +1 cloak (worn)
Jewellery
 k - an uncursed ring of protection from fire
 o - a ring of poison resistance (right claw)
 v - an uncursed ring of protection from fire
 B - an uncursed ring of resist corrosion
 C - a +3 ring of evasion (left claw)
Wands
 e - a wand of flame (36/48)
 w - a wand of disintegration (0/24)
Scrolls
 a - 2 scrolls of magic mapping
 f - 4 scrolls of remove curse
 g - 2 scrolls of recharging {unknown}
 m - 7 scrolls of teleportation
 r - 2 scrolls of fog {unknown}
 s - 5 scrolls of enchant armour
 t - a scroll of vulnerability {unknown}
 E - a scroll of summoning {unknown}
Potions
 b - 2 potions of haste
 i - 2 potions of might
 l - a potion of invisibility
 p - 2 potions of flight
 q - a potion of beneficial mutation {unknown}
 x - a potion of ambrosia
 F - a potion of curing
 H - a potion of lignification {unknown}
Miscellaneous
 A - a disc of storms
Comestibles
 c - 12 bread rations
 j - 11 royal jellies
 n - 6 meat rations


   Skills:
 - Level 11.1 Fighting
 + Level 15.2 Axes
 - Level 10.9 Armour
 + Level 7.1 Dodging


You had 10 spell levels left.
You didn't know any spells.

Dungeon Overview and Level Annotations

Branches:
Dungeon (10/15)            Temple (0/1) D:5            Lair (2/6) D:8
    Orc (0/2) D:10
  Swamp: Lair:2-4    Shoals: Lair:2-4     Snake: Lair:2-4    Spider: Lair:2-4

Altars:
Makhleb
Nemelex Xobeh
Okawaru
Qazlal
Ru
Sif Muna
Xom
Yredelemnul

Annotations:
D:10 Sonja


Innate Abilities, Weirdness & Mutations

You reflexively headbutt those who attack you in melee.
You have a pair of large horns on your head.
You have sharp fingernails.
You have hoof-like feet.
You can translocate small distances at will.
You are frail. (-10% HP)
You are resistant to hostile enchantments. (MR+)
You rapidly evolve.


Message History

The 11-headed hydra bites you but does no damage.
The 11-headed hydra closely misses you. x2
The 11-headed hydra completely misses you.
The 11-headed hydra bites you. The 11-headed hydra misses you.
The 11-headed hydra bites you!
* * * LOW HITPOINT WARNING * * *
The 11-headed hydra closely misses you. x3
You climb upwards.
There is a stone staircase leading down here.
Things that are here:
a wand of confusion (?/48) {empty}; a wand of disintegration (?/24) {empty}
As you read the scroll of teleportation, it crumbles to dust.
You feel strangely unstable. The 11-headed hydra bites you!
* * * LOW HITPOINT WARNING * * *
The 11-headed hydra misses you. The 11-headed hydra bites you.
* * * LOW HITPOINT WARNING * * *
The 11-headed hydra bites you.
* * * LOW HITPOINT WARNING * * *
The 11-headed hydra barely misses you. The 11-headed hydra bites you!
You die...

...##........#.....#.......######
.#...........#8.8.8#.......#....#
#..................#.......#....#
#P...........##...##.=.....#....#
#............##.+###.......#....#
....#........#.....##...........#
.#..#......#....8..........#....#
.##.......##....D.....#....######
#......>.##..8..@..8...#.........
##......##.............##........
##..#...........8.......##.......
....#.##.................#.......
.##.......8..#.....#..8..........
..###.#......#..8..[#.....#...##.
#####.#.....##.....##.....#...##.
#..#......##.....##.....#....#.
####..+#.#.#.....###+#+#.....##


You could see a 11-headed hydra.

Vanquished Creatures
  3 death yaks (D:8)
  The ghost of Quilel the Jinx, a novice DEEn of Kikubaaqudgha (D:7)
  A hill giant (D:10)
  Psyche (D:10)
  2 spiny frogs
  A komodo dragon (Lair:1)
  A queen bee (Lair:1)
  Prince Ribbit (D:8)
  A troll (D:10)
  The ghost of kazak the Geomancer, an amateur DDEE (D:5)
  A hornet (D:10)
  4 hippogriffs
  A spriggan (D:8)
  Sigmund (D:3)
  9 yaks
  2 water moccasins
  4 porcupines
  Duvessa (D:4)
  2 ice beasts
  4 sky beasts
  4 necrophages (D:8)
  An eye of draining (D:8)
  3 centaurs
  7 ogres
  A phantom (D:4)
  7 bullfrogs
  A water moccasin skeleton (D:10)
  2 scorpions
  Dowan (D:4)
  40 killer bees
  2 howler monkeys
  7 wights
  3 crimson imps
  A centaur zombie (D:8)
  2 jellies
  Crazy Yiuf (D:5)
  A bullfrog zombie (D:8)
  A bullfrog skeleton (D:4)
  2 orc priests (D:5)
  A hound (D:5)
  4 orc wizards
  Jessica (D:3)
  2 iguanas
  Ijyb (D:3)
  Natasha (thrice) (D:3)
  A hell rat (D:8)
  5 worker ants
  2 hound zombies
  A hound skeleton (D:4)
  4 worker ant zombies
  15 adders
  2 shadow imps
  12 white imps (Lair:1)
  3 oozes
  2 adder zombies (D:9)
  2 worms
  The ghost of jesse the Caller, a weakling OgSu (D:3)
  2 dart slugs
  7 leopard geckos
  12 orcs
  5 giant cockroaches
  4 goblins
  4 hobgoblins
  3 jackals (D:10)
  8 quokkas
  A ball python skeleton (D:6)
  3 bats
  4 frilled lizards
  2 jackal skeletons
  5 kobolds
  A leopard gecko skeleton (D:4)
  9 rats
  A fungus (Lair:2)
  2 plants
264 creatures vanquished.

Notes
Turn   | Place    | Note
-------+----------+-------------------------------------------
     0 | D:1      | shinino the Minotaur Berserker began the quest for the Orb.
     0 | D:1      | Reached XP level 1. HP: 19/19 MP: 0/0
   148 | D:1      | Reached skill level 4 in Axes
   148 | D:1      | Reached XP level 2. HP: 13/26 MP: 1/1
   347 | D:1      | You fall through a shaft!
   434 | D:2      | Reached skill level 5 in Axes
   729 | D:2      | Reached XP level 3. HP: 28/31 MP: 2/2
  1314 | D:2      | Found a deep blue altar of Sif Muna.
  1516 | D:3      | Noticed Natasha
  1521 | D:3      | Reached ** piety under Trog
  1536 | D:3      | Killed Natasha
  1536 | D:3      | Reached skill level 6 in Axes
  1536 | D:3      | Reached XP level 4. HP: 21/39 MP: 3/3
  1548 | D:3      | Noticed Natasha
  1556 | D:3      | Killed Natasha
  1735 | D:3      | Found an iron altar of Okawaru.
  1758 | D:3      | Noticed Natasha
  1768 | D:3      | Killed Natasha
  1776 | D:3      | Gained mutation: Your muscles are strong. (Str +2) [potion of mutation]
  1776 | D:3      | Lost mutation: Your muscles are strong. (Str +2) [potion of mutation]
  1776 | D:3      | Gained mutation: Your body sometimes deteriorates upon taking damage. [potion of mutation]
  1849 | D:3      | Noticed jesse's ghost (weakling OgSu)
  2019 | D:3      | Reached XP level 5. HP: 44/45 MP: 4/4
  2022 | D:3      | Noticed Sigmund
  2025 | D:3      | Found a burning altar of Makhleb.
  2036 | D:3      | Killed Sigmund
  2036 | D:3      | Reached skill level 8 in Axes
  2036 | D:3      | Reached XP level 6. HP: 17/51 MP: 5/5
  2245 | D:3      | Noticed Jessica
  2252 | D:3      | Killed Jessica
  2341 | D:3      | Killed jesse's ghost
  2405 | D:3      | Noticed Ijyb
  2416 | D:3      | Killed Ijyb
  2804 | D:3      | Reached skill level 9 in Axes
  2924 | D:4      | Reached XP level 7. HP: 56/57 MP: 6/6
  3000 | D:4      | Noticed Dowan
  3016 | D:4      | Killed Dowan
  3016 | D:4      | Reached *** piety under Trog
  3040 | D:4      | Reached skill level 10 in Axes
  3178 | D:4      | Noticed Duvessa
  3228 | D:4      | Killed Duvessa
  3232 | D:4      | Gained mutation: You evolve. [potion of mutation]
  3232 | D:4      | Gained mutation: You are resistant to hostile enchantments. (MR+) [potion of mutation]
  3232 | D:4      | Gained mutation: Your muscles are strong. (Str +2) [potion of mutation]
  3472 | D:4      | Reached skill level 5 in Fighting
  3754 | D:4      | Found a stormy altar of Qazlal.
  3797 | D:5      | Entered Level 5 of the Dungeon
  3854 | D:5      | Found a sacrificial altar of Ru.
  3911 | D:5      | Found a runed door.
  3972 | D:5      | Found a staircase to the Ecumenical Temple.
  3981 | D:5      | Reached XP level 8. HP: 64/68 MP: 7/7
  4024 | D:5      | Gained mutation: You are agile. (Dex +2) [mutagenic meat]
  4025 | D:5      | Gained mutation: You have sharp fingernails. [mutagenic meat]
  4026 | D:5      | Gained mutation: You can translocate small distances at will. [mutagenic meat]
  4056 | D:5      | Reached skill level 5 in Armour
  4065 | D:5      | Noticed kazak's ghost (amateur DDEE)
  4081 | D:5      | Killed kazak's ghost
  4154 | D:5      | Gained mutation: You have large cloven feet. [mutagenic meat]
  4155 | D:5      | Lost mutation: You are agile. (Dex +2) [mutagenic meat]
  4156 | D:5      | Gained mutation: You have hoof-like feet. [mutagenic meat]
  4157 | D:5      | Gained mutation: You rapidly evolve. [mutagenic meat]
  4206 | D:5      | Reached skill level 11 in Axes
  4209 | D:5      | Found a deep blue altar of Sif Muna.
  4405 | D:5      | Noticed Crazy Yiuf
  4413 | D:5      | Killed Crazy Yiuf
  4642 | D:6      | Gained mutation: You have a pair of large horns on your head. [evolution]
  4771 | D:6      | Reached XP level 9. HP: 67/79 MP: 8/8
  4929 | D:7      | Noticed Quilel's ghost (novice DEEn)
  4942 | D:7      | Killed Quilel's ghost
  4977 | D:7      | Found a shimmering altar of Xom.
  5108 | D:7      | Found a basalt altar of Yredelemnul.
  5243 | D:7      | Reached **** piety under Trog
  5286 | D:7      | Found a sparkling altar of Nemelex Xobeh.
  5462 | D:8      | Noticed a death yak
  5463 | D:8      | Noticed a death yak
  5464 | D:8      | Noticed a death yak
  5466 | D:8      | Reached skill level 12 in Axes
  5503 | D:8      | Killed a death yak
  5507 | D:8      | Killed a death yak
  5507 | D:8      | Reached XP level 10. HP: 73/91 MP: 9/9
  5507 | D:8      | Killed a death yak
  5625 | D:8      | Found a staircase to the Lair.
  5716 | D:8      | Noticed Prince Ribbit
  5739 | D:8      | Killed Prince Ribbit
  5739 | D:8      | Reached skill level 10 in Fighting
  5749 | D:8      | Reached skill level 13 in Axes
  5832 | D:8      | Reached skill level 10 in Armour
  6053 | D:8      | Lost mutation: You have hoof-like feet. [evolution]
  6579 | D:9      | Gained mutation: You are robust. (+10% HP) [mutagenic meat]
  6580 | D:9      | Lost mutation: Your muscles are strong. (Str +2) [mutagenic meat]
  6581 | D:9      | Lost mutation: You are robust. (+10% HP) [mutagenic meat]
  6582 | D:9      | Gained mutation: You are frail. (-10% HP) [mutagenic meat]
  6806 | D:9      | Reached XP level 11. HP: 88/90 MP: 10/10
  7050 | D:9      | Lost mutation: Your body sometimes deteriorates upon taking damage. [evolution]
  7083 | D:10     | Entered Level 10 of the Dungeon
  7118 | D:10     | Noticed Sonja
  7130 | D:10     | Found a staircase to the Orcish Mines.
  7131 | D:10     | Noticed Psyche
  7138 | D:10     | Killed Psyche
  7138 | D:10     | Reached ***** piety under Trog
  7461 | D:10     | Noticed a hill giant
  7505 | D:10     | Killed a hill giant
  7505 | D:10     | Reached skill level 14 in Axes
  8683 | Lair:1   | Entered Level 1 of the Lair of Beasts
  8713 | Lair:1   | Reached skill level 5 in Dodging
  8751 | Lair:1   | Found a frozen archway.
  9548 | Lair:1   | Gained mutation: You have hoof-like feet. [evolution]
  9753 | Lair:1   | You fall through a shaft!
  9772 | Lair:2   | Reached skill level 15 in Axes
  9947 | Lair:2   | Noticed a seven-headed hydra
 10225 | Lair:1   | Slain by an 11-headed hydra

Vault maps used:
D:1:      sevenhm_arrival_forest_fort_small_3
D:2:      serial_corexii_hall, corexii_hall_statues_i, corexii_hall_statues_i,
          lemuel_blue_sif_altar
D:3:      wad_woods_stonehenge, nicolae_overflow_crystal_walls, uniq_natasha,
          uniq_iyjb, uniq_sigmund, uniq_jessica
D:4:      kennysheep_mini_moat, first_bread, uniq_duvessa
D:5:      lemuel_round_altar, lemuel_round_altar, uniq_crazy_yiuf_cottage
D:6:      serial_bayou_ford_a
D:7:      nemelex_xobeh_ov_fountains_minmay, basic_altar,
          yredelemnul_altar_generic
D:8:      dpeg_lair_monsters, serial_undead, serial_undead_d, serial_undead_d,
          serial_undead_a, serial_undead_a, the_bakery, uniq_prince_ribbit1
D:9:      kennysheep_generic_room_5
D:10:     orc_0_dummy, kennysheep_cross_room, uniq_psyche, uniq_sonja
Lair:1:   portal_ice_cave_entry_imps, special_room, grunt_megastairs_3
Lair:2:   elwin_shoals_entry_rocks, spider_nest_entry_web_field, minivault_29

Skill      XL: |  1  2  3  4  5  6  7  8  9 10 11 |
---------------+----------------------------------+-----
Axes           | 4 5 6 8 9 10 11 12 13 15 | 15.2
Fighting       | 5 7 9 11 | 11.1
Armour         | 4 6 9 10 | 10.9
Dodging        | 7 |  7.1

Action                   |  1- 3 |  4- 6 |  7- 9 | 10-12 || total
-------------------------+-------+-------+-------+-------++-------
Melee: Hand axe          |    71 |   129 |   268 |   195 ||   663
       Headbutt          |     6 |    24 |    63 |    64 ||   157
       Kick              |       |       |    45 |   116 ||   161
       Battleaxe         |       |       |       |   167 ||   167
Invok: Trog's Hand       |       |     3 |     7 |    19 ||    29
       Berserk           |       |     1 |     1 |     3 ||     5
       Burn Spellbooks   |       |       |       |     1 ||     1
Evoke: Wand              |       |       |       |     9 ||     9
  Use: Potion            |       |     3 |     3 |    11 ||    17
       Scroll            |       |     1 |     6 |     8 ||    15
 Stab: Invisible         |       |       |       |     3 ||     3
       Confused          |       |       |       |     1 ||     1
  Eat: Chunk             |     1 |     8 |    18 |    18 ||    45
       Beef jerky        |       |       |     1 |     3 ||     4
       Pizza             |       |       |       |     1 ||     1
       Fruit             |       |       |       |     5 ||     5
       Royal jelly       |       |       |       |     1 ||     1
Armor: Animal skin       |     1 |       |       |       ||     1
       Scale mail        |    32 |    44 |    36 |       ||   112
       Chain mail        |       |       |    55 |   119 ||   174
       Plate armour      |       |       |       |   148 ||   148
Dodge: Dodged            |    37 |    46 |    99 |   415 ||   597
